 Dungeon Crawl Stone Soup version 0.31-a0-1338-gb567cfdca4 (webtiles) character file.

Game seed: 12250280992520481483

10063 Rennog the Warrior (level 11, 0/102 HPs)
             Began as a Formicid Fighter on Dec 22, 2023.
             Was a Believer of Qazlal.
             Slain by a dire elephant (11 damage)
             ... in a Gauntlet.
             The game lasted 00:24:09 (13175 turns).

Rennog the Warrior (Formicid Fighter)              Turns: 13175, Time: 00:24:10

Health: 0/102      AC: 20    Str: 29    XL:     11   Next: 86%
Magic:  26/26      EV:  7    Int:  9    God:    Qazlal [**....]
Gold:   526        SH:  7    Dex: 13    Spells: 10/10 levels left

rFire   . . .        D - +3 flail
rCold   . . .        c - +0 buckler
rNeg    . . .        A - +0 plate armour
rPois   .            (helmet unavailable)
rElec   .            (no cloak)
rCorr   .            I - +2 pair of gloves
SInv    +            m - +2 pair of boots "Vorujul" {Str+3 Int+2}
Will    +....        v
                       - Hermit's Pendant {Faith Invo=14 Evo=0 MP+5} Stlth
                     (no ring)
HPRegen 0.37/turn    (no ring)
MPRegen 0.20/turn

%: faith
@: mighty
A: permanent stasis, dig shafts and tunnels, antennae 3, four strong arms
a: Dig, Renounce Religion, Upheaval


You were in a Gauntlet.
You worshipped Qazlal.
Qazlal was pleased with you.
You visited 2 branches of the dungeon, and saw 13 of its levels.
You also visited: Gauntlet.

You collected 626 gold pieces.
You spent 100 gold pieces at shops.

Inventory:

Hand Weapons
 a - a +0 flail
 D - a +3 flail (weapon)
 E - a +0 morningstar
Missiles
 g - 3 throwing nets
Armour
 b - a +0 scale mail
 c - a +0 buckler (worn)
 m - the +2 pair of boots "Vorujul" (worn) {Str+3 Int+2}
   (You acquired it on level 4 of the Dungeon)

   Str+3:     It affects your strength (+3).
   Int+2:     It affects your intelligence (+2).
 x - +0 steam dragon scales
 A - a +0 plate armour (worn)
 I - a +2 pair of gloves (worn)
Jewellery
 v - the Hermit's Pendant (around neck) {Faith Invo=14 Evo=0 MP+5}
   (You found it on level 5 of the Dungeon)

   [amulet of faith]

   Invo=14: It sets your Invocations skill to 14.
   Evo=0: It sets your Evocations skill to 0.
   Faith:     It allows you to gain divine favour quickly.
   MP+5:      It affects your magic capacity (+5).
 G - the amulet of Teidghidur {RegenMP ^Contam Fly Slay+2}
   (You found it on level 9 of the Dungeon)

   [amulet of magic regeneration]

   RegenMP:   It increases your rate of magic regeneration.
   Slay+2:    It affects your accuracy & damage with ranged weapons and melee
   (+2).
   Fly:       It grants you flight.
   ^Contam:   It causes magical contamination when unequipped.
Wands
 w - a wand of roots (16)
 z - a wand of flame (20)
 J - a wand of charming (10)
Scrolls
 i - 2 scrolls of fear
 j - 3 scrolls of vulnerability {unknown}
 k - a scroll of butterflies
 l - 2 scrolls of poison
 n - 2 scrolls of torment {unknown}
 o - 3 scrolls of amnesia {unknown}
 s - 4 scrolls of enchant weapon
 u - 2 scrolls of blinking {unknown}
 y - a scroll of revelation {unknown}
 B - 2 scrolls of noise {unknown}
 H - a scroll of fog {unknown}
 K - 2 scrolls of brand weapon {unknown}
 L - a scroll of silence {unknown}
Potions
 d - a potion of might
 e - 2 potions of magic {unknown}
 f - 2 potions of degeneration {unknown}
 h - 3 potions of attraction {unknown}
 p - 3 potions of lignification
 q - 5 potions of curing
 r - 3 potions of ambrosia {unknown}
 t - 5 potions of heal wounds {unknown}
 C - a potion of cancellation {unknown}
 F - a potion of enlightenment {unknown}
 M - a potion of mutation
 N - a potion of haste {unknown}


   Skills:
 * Level 15.0 Fighting
 + Level 9.9 Maces & Flails
 + Level 7.9 Armour
 - Level 4.0 Shields


You had 10 spell levels left.
You didn't know any spells.
Your spell library contained the following spells:

 Spells                   Type           Power      Damage    Failure   Level
 Ensorcelled Hibernation  Hex/Ice        0%         N/A       99%         2
 Static Discharge         Conj/Air       0%         3-3/arc   99%         2
 Call Canine Familiar     Summ           0%         N/A       100%        3
 Fugue of the Fallen      Necr           0%         N/A       100%        3
 Sigil of Binding         Hex            0%         N/A       100%        3
 Volatile Blastmotes      Fire/Tloc      0%         2d10      100%        3
 Airstrike                Air            0%         2d(0-16)  100%        4
 Anguish                  Hex/Necr       0%         N/A       100%        4
 Animate Dead             Necr           0%         N/A       100%        4
 Dimensional Bullseye     Hex/Tloc       0%         N/A       100%        4
 Fulminant Prism          Conj/Alch      0%         3d5       100%        4
 Iskenderun's Mystic Bla  Conj/Tloc      0%         2d3       100%        4
 Summon Lightning Spire   Summ/Air       0%         N/A       100%        4
 Haunt                    Necr/Summ      0%         N/A       100%        7
 Infestation              Necr           0%         N/A       100%        8


Dungeon Overview and Level Annotations

Branches:
Dungeon (12/15)            Temple (1/1) D:6            Lair (0/5) D:9
Gauntlet (1/1)
    Orc: D:9-12

Altars:
Ashenzari
Cheibriados
Dithmenos
Elyvilon
Fedhas
Gozag
Hepliaklqana
Kikubaaqudgha
Makhleb
Nemelex Xobeh
Okawaru
Qazlal
Ru
Sif Muna
Trog
Uskayaw
Vehumet
Wu Jian
Xom
Yredelemnul
Zin
The Shining One

Shops:
D:3 :!?!   D:9 :

Annotations:
D:1 2 transporters
D:3 1 runed translucent door, Crazy Yiuf
D:6 Dowan, Duvessa
D:9 1 runed translucent door
D:10 Harold
D:11 1 runed translucent door Gauntlet 6 transporters, exclusion: ice statue


Innate Abilities, Weirdness & Mutations

You cannot be hasted, slowed, berserked, paralysed or teleported.
You can dig through walls and to a lower floor.
You have a pair of large antennae on your head. (SInv)
Your four strong arms can wield two-handed weapons with a shield.


Message History

There is a transporter here.
The elephant tramples you but does no damage.
The elephant trunk-slaps you but does no damage.
You see here a ring of fire.
As you read the scroll of fear, it crumbles to dust.
You assume a fearsome visage.
The elephant looks frightened! x2
The dire elephant easily resists.
The dire elephant tramples you!
You stumble backwards!
You enter the transporter and appear at another place.
The dire elephant tramples you!!
You stumble backwards!
Aiming: Fastroot
Press: ? - help, Shift-Dir - straight line The roots erupt in riotous growth!
Roots grab the dire elephant.
The grasping roots constrict the dire elephant, but do no damage.
The dire elephant tramples you!!
You hold your ground!
The dire elephant closely misses you.
You hit the dire elephant.
The dire elephant is lightly wounded.
The grasping roots constrict the dire elephant.
The roots release their grip on the dire elephant.
The dire elephant tramples you but does no damage.
The dire elephant trunk-slaps you.
You feel very mighty all of a sudden.
The dire elephant is engulfed in freezing vapours.
The dire elephant tramples you!
You hold your ground!
The dire elephant trunk-slaps you.
You hit the dire elephant.
The dire elephant is lightly wounded.
The dire elephant tramples you!!
* * * LOW HITPOINT WARNING * * *
You hold your ground!
The dire elephant trunk-slaps you but does no damage.
You feel better. The dire elephant tramples you!
* * * LOW HITPOINT WARNING * * *
You hold your ground!
You block the dire elephant's attack.
You feel better.
The dire elephant is engulfed in freezing vapours.
The dire elephant tramples you!
You die...

####.#.#)..#.≈## ..#
©.©#.#^©####.###.⌠.##
.⌠.#.#.^..^#..##.....
...#..####*#...#.⌠.# #
.⌠.#...3.x3#.∩.#...# ..
...#########...#.©.##.#
.⌠.....#.....⌠.#......
...#########...#.Y.##
.⌠.#.Y8#8..#.∩.#@..#
...#...8...#...#.⌠.#
.⌠.#8.8.8.!#..##......
©.©##8^©^8©#.###.⌠.##.#
####8.8.8.=#.≈##...# ..
...#...8Y.!#.≈≈#.⌠.# #
.⌠.#..8#8..#.≈##...#
...#########.#######
.............≈#


You could see a dire elephant, a wretched star, a neqoxec and a small
abomination.

Vanquished Creatures
  Nergalle (D:11)
  Pikel (D:6)
  2 manticores (D:12)
  2 unseen horrors (D:11)
  2 gargoyles (D:11)
  A rime drake (Gauntlet)
  A merfolk (D:10)
  3 trolls
  2 shadows
  8 yaks
  A vampire (D:10)
  4 wyverns
  2 basilisks (D:9)
  3 steam dragons
  An acid dragon (D:9)
  5 water moccasins
  A black bear (D:7)
  3 orc warriors
  An ice beast (D:8)
  A sky beast (D:7)
  An ogre (D:6)
  2 centaurs
  4 lemures (D:6)
  2 kobold brigands
  A gnoll sergeant (D:8)
  2 scorpions
  4 wights (D:8)
  4 killer bees (D:9)
  A howler monkey (D:4)
  3 hounds
  3 jellies
  6 orc priests
  2 iron imps (Gauntlet)
  Ijyb (D:5)
  Terence (D:3)
  2 iguanas
  Natasha (thrice) (D:3)
  11 orc wizards
  Robin (D:3)
  10 adders
  5 gnolls (D:8)
  A white imp (D:8)
  A bombardier beetle (D:6)
  5 ufetubi
  A worm (D:3)
  A dart slug (D:5)
  25 orcs
  7 ball pythons
  7 endoplasms
  5 giant cockroaches
  17 goblins
  10 hobgoblins
  5 jackals
  6 quokkas
  2 bats
  3 frilled lizards
  A jackal skeleton (D:9)
  11 kobolds
  4 rats
  A spectral goblin (D:7)
227 creatures vanquished.

Vanquished Creatures (others)
  An ufetubus (D:7)
1 creature vanquished.

Grand Total: 228 creatures vanquished

Notes
Turn   | Place    | Note
-------+----------+-------------------------------------------
     0 | D:1      | Rennog the Formicid Fighter began the quest for the Orb.
     0 | D:1      | Reached XP level 1. HP: 18/18 MP: 1/1
   131 | D:1      | Reached XP level 2. HP: 15/24 MP: 2/2
   365 | D:1      | Reached skill level 4 in Fighting
   381 | D:1      | Reached XP level 3. HP: 30/30 MP: 3/3
  1201 | D:2      | Reached XP level 4. HP: 35/38 MP: 4/4
  1771 | D:3      | Found Sacaih's Distillery.
  1774 | D:3      | Noticed Robin
  1783 | D:3      | Killed Robin
  1787 | D:3      | Reached skill level 5 in Fighting
  1879 | D:3      | Found Wasahi's Magic Scroll Boutique.
  1880 | D:3      | Bought a potion of lignification for 36 gold pieces
  1880 | D:3      | Bought a potion of curing for 36 gold pieces
  1916 | D:3      | Found Yttix's Book Shoppe.
  1966 | D:3      | Found a snail-covered altar of Cheibriados.
  1971 | D:3      | Reached XP level 5. HP: 44/44 MP: 5/5
  2002 | D:3      | Noticed Terence
  2016 | D:3      | Killed Terence
  2167 | D:3      | Bought a scroll of identify for 28 gold pieces
  2205 | D:3      | Found Cecaqah's Distillery.
  2218 | D:3      | Noticed Natasha
  2228 | D:3      | Killed Natasha
  2327 | D:3      | Noticed Natasha
  2335 | D:3      | Killed Natasha
  2477 | D:3      | Found a runed translucent door.
  2478 | D:3      | Noticed Crazy Yiuf
  2583 | D:3      | Noticed Natasha
  2592 | D:3      | Killed Natasha
  2593 | D:3      | Reached XP level 6. HP: 42/52 MP: 6/6
  2766 | D:4      | Reached skill level 6 in Fighting
  2875 | D:4      | Identified a scroll of acquirement
  2897 | D:4      | Acquired the +2 pair of boots "Vorujul" {Str+3 Int+2}
  3162 | D:4      | Found a bloodstained altar of Trog.
  3165 | D:4      | Found a sacrificial altar of Ru.
  3436 | D:4      | Reached XP level 7. HP: 54/59 MP: 7/7
  3469 | D:4      | Reached skill level 7 in Fighting
  3561 | D:5      | Entered Level 5 of the Dungeon
  3661 | D:5      | Found the Hermit's Pendant {Faith Invo=14 Evo=0 MP+5}
  3989 | D:5      | Noticed Ijyb
  3998 | D:5      | Killed Ijyb
  4070 | D:5      | Reached skill level 5 in Maces & Flails
  4103 | D:5      | Reached skill level 8 in Fighting
  4103 | D:5      | Reached XP level 8. HP: 68/68 MP: 8/8
  4516 | D:6      | Found a hide-covered altar of Uskayaw.
  4716 | D:6      | Reached skill level 9 in Fighting
  4950 | D:6      | Noticed a yak
  5347 | D:6      | Noticed a yak
  5357 | D:6      | Noticed a yak
  5432 | D:6      | Noticed Dowan
  5433 | D:6      | Noticed Duvessa
  5621 | D:7      | Reached skill level 10 in Fighting
  5621 | D:7      | Reached XP level 9. HP: 73/78 MP: 9/9
  6106 | D:7      | Found a hazy altar of Hepliaklqana.
  6177 | D:7      | Found a glowing silver altar of Zin.
  6429 | D:6      | Found a staircase to the Ecumenical Temple.
  6744 | D:8      | Identified the +2 leather armour of Xom's Respect {+Inv Fly
                  | rC- rN+}
  6942 | D:8      | Reached skill level 11 in Fighting
  7678 | D:8      | Found an iron altar of Okawaru.
  8065 | D:6      | Noticed Pikel
  8084 | D:6      | Killed Pikel
  8085 | D:6      | Reached skill level 12 in Fighting
  8085 | D:6      | Reached XP level 10. HP: 62/89 MP: 10/10
  8123 | Temple   | Entered the Ecumenical Temple
  8139 | Temple   | Became a worshipper of Qazlal Stormbringer
  8643 | D:9      | Reached skill level 5 in Armour
  8882 | D:9      | Identified the amulet of Teidghidur {RegenMP ^Contam Fly
                  | Slay+2}
  9172 | D:9      | Reached skill level 13 in Fighting
  9529 | D:9      | Found a shadowy altar of Dithmenos.
  9571 | D:9      | Found a runed translucent door.
  9573 | D:9      | Found a basalt altar of Yredelemnul.
  9587 | D:9      | Found a staircase to the Lair.
  9733 | D:8      | Reached XP level 11. HP: 77/98 MP: 21/21
  9821 | D:9      | Reached * piety under Qazlal
  9836 | D:9      | Found Jufeimp's Vocational Training.
 10337 | D:10     | Entered Level 10 of the Dungeon
 10420 | D:10     | Found an ornate altar of the Wu Jian Council.
 10502 | D:10     | Found a shimmering altar of Xom.
 10505 | D:10     | Noticed Harold
 10538 | D:10     | Noticed a skeletal warrior
 10962 | D:10     | Reached skill level 14 in Fighting
 11048 | D:10     | Noticed a skeletal warrior
 11713 | D:11     | Noticed Nergalle
 11730 | D:11     | Killed Nergalle
 11982 | D:11     | Noticed a tengu reaver
 11982 | D:11     | Noticed an ice dragon
 11982 | D:11     | Noticed an ettin
 11983 | D:11     | Found a runed translucent door.
 11985 | D:11     | Noticed a fire giant
 11985 | D:11     | Noticed a fire dragon
 11985 | D:11     | Noticed a deep troll
 11985 | D:11     | Noticed a frost giant
 11985 | D:11     | Noticed a deep elf knight
 12207 | D:12     | Noticed a manticore
 12218 | D:12     | Killed a manticore
 12234 | D:12     | Noticed a boulder beetle
 12409 | D:12     | Noticed a cyclops
 12410 | D:12     | Noticed a brown ugly thing
 12491 | D:12     | Found a gate leading to a gauntlet.
 12494 | D:12     | Noticed a manticore
 12502 | D:12     | Killed a manticore
 12502 | D:12     | Reached ** piety under Qazlal
 12507 | Gauntlet | Entered a Gauntlet
 12507 | Gauntlet | Found a runed translucent door.
 12507 | Gauntlet | Found a transporter.
 12507 | Gauntlet | Found a runed translucent door.
 12507 | Gauntlet | Found a transporter.
 12631 | Gauntlet | Found a transporter.
 12635 | Gauntlet | Found a transporter.
 12638 | Gauntlet | Noticed a catoblepas
 12643 | Gauntlet | Found a transporter.
 12647 | Gauntlet | Found a transporter.
 12649 | Gauntlet | Noticed an elephant
 12650 | Gauntlet | Noticed a dire elephant
 12650 | Gauntlet | Noticed an elephant
 12655 | Gauntlet | Found a transporter.
 12675 | Gauntlet | Found a transporter.
 12676 | Gauntlet | Noticed a wretched star
 12686 | Gauntlet | Found a transporter.
 12690 | Gauntlet | Found a transporter.
 12698 | Gauntlet | Found a transporter.
 12702 | Gauntlet | Found a transporter.
 12771 | Gauntlet | Reached skill level 15 in Fighting
 13173 | Gauntlet | HP: 4/102 [dire elephant (30)]
 13175 | Gauntlet | Slain by a dire elephant

Illustrated notes

Levels and vault maps discovered:
D:1:      spicycebolla_arrival_transporter_tutorial, layout_basic
D:2:      wander_river, layout_basic, st_stairs_10,
          chequers_serial_rivers_small_3, patterned_corridor
D:3:      layout_basic, mainiacjoe_overflow_small_starburst, serial_shops,
          nicolae_shop_just_a_little_nook, nicolae_shop_hallway_stairs,
          nicolae_shop_tiny_statue_garden, nicolae_shop_back_alley_shop,
          uniq_crazy_yiuf_cottage, uniq_robin, uniq_natasha, uniq_terence
D:4:      layout_cave_pools, chequers_temple_overflow_statue_of_worship,
          kennysheep_orc_chapel
D:5:      layout_cave_pools, kennysheep_generic_room_12, uniq_ijyb
D:6:      layout_rooms, mainiacjoe_overflow_paths, minmay_temple_entry_poolview,
          kennysheep_generic_room_7, uniq_pikel, uniq_duvessa
D:7:      layout_rooms, mainiacjoe_overflow_chevrons,
          nicolae_hepliaklqana_monster_ancestors
D:8:      layout_cave_pods, lemuel_doored_altar
D:9:      layout_layer_cave, dk_yredelemnul_ordeal, grunt_dithmenos_shadows,
          minmay_lair_entry_grove, nicolae_shop_vocational
D:10:     layout_gridville, amcnicky_altar_gilded, mainiacjoe_overflow_brackets,
          special_room [special_room_orc], hangedman_fish_farm, uniq_maggie,
          uniq_harold, uniq_erolcha
D:11:     minmay_gate_of_8, layout_rooms, columned_hall_lemuel, uniq_nergalle
D:12:     layout_cave_pools, david_orc_4, gauntlet_entry_generic,
          nicolae_guarded_unrand_storm_shield
Temple:   grunt_temple_mini_profane
Gauntlet: minmay_gauntlet_77_indecision [minmay_gauntlet_arena_77_shame_cube,
          minmay_gauntlet_arena_77_fan, minmay_gauntlet_arena_77_double_cross,
          minmay_gauntlet_arena_77_museum,
          minmay_gauntlet_arena_77_radiant_squares,
          minmay_gauntlet_arena_77_terracotta_army, gauntlet_exit_watery]

Skill      XL: |  1  2  3  4  5  6  7  8  9 10 11 |
---------------+----------------------------------+-----
Fighting       | 4 5 6 8 10 12 13 15 | 15.0
Maces & Flails | 3 4 5 6 7 8 9 |  9.9
Armour         | 4 6 7 |  7.9
Shields        | |  4.0

Action                     |  1- 3 |  4- 6 |  7- 9 | 10-12 || total
---------------------------+-------+-------+-------+-------++-------
  Melee: Flail             |   109 |   197 |   405 |   327 ||  1038
Ability: Dig               |       |       |     2 |     2 ||     4
  Evoke: Wand              |       |       |       |     1 ||     1
    Use: Scroll            |       |     5 |     2 |     1 ||     8
         Potion            |       |       |       |     4 ||     4
 Armour: Scale mail        |    57 |   183 |   233 |       ||   473
         Plate armour      |       |       |   123 |   329 ||   452
  Dodge: Dodged            |    56 |    94 |   183 |   108 ||   441
  Block: Buckler           |    23 |    53 |   102 |   116 ||   294

Table legend: (Time is in decaauts)
 A = Elapsed time spent in this place.
 B = Non-inter-level travel time spent in this place.
 C = Inter-level travel time spent in this place.
 D = Time resting spent in this place.
 E = Time spent auto-exploring this place.
 F = Levels seen in this place.
 G = Mean time per level.
                   A        B        C        D        E       F      G
               +--------+--------+--------+--------+--------+-----+--------+
         Total |  13325 |  12291 |   1034 |   1329 |   8474 |  14 |  951.8 |
       Dungeon |  12628 |  11623 |   1005 |   1005 |   8270 |  12 | 1052.3 |
        Temple |     30 |      2 |     28 |      0 |      0 |   1 |   30.0 |
      Gauntlet |    666 |    666 |      0 |    324 |    204 |   1 |  666.0 |
               +--------+--------+--------+--------+--------+-----+--------+

Top non-repeatable levels by time:
     D:9: 1985 daAuts
     D:6: 1843 daAuts
     D:8: 1714 daAuts
     D:3: 1157 daAuts
    D:11: 1083 daAuts
     D:2: 937 daAuts
     D:4: 924 daAuts
     D:7: 752 daAuts
     D:5: 749 daAuts
     D:1: 735 daAuts
Gauntlet: 666 daAuts
    D:10: 581 daAuts
    D:12: 163 daAuts
  Temple: 30 daAuts
